[Event "Titled Tuesday Blitz June 27 Late 2023"]
[White "Sargsyan, Anna M."]
[Black "Vasques, Antonio Pedro Freixial"]
[WhiteFideId "13308130"]
[BlackFideId "1908332"]
[WhiteElo "2578"]
[BlackElo "2376"]
[Result "1-0"]
[Round "3"]
[TimeControl "180+2"]
[Date "2023.06.27"]
[WhiteClock "0:00:19"]
[BlackClock "0:00:06"]
[Board "111"]

1. d4 Nf6 2. c4 e6 3. Nf3 Bb4+ 4. Bd2 c5 5. g3 O-O 6. Bg2 Nc6 7. O-O d5 8. Bg5 cxd4 9. Nxd4 Be7 10. Nc3 dxc4 11. Bxc6 bxc6 12. Nxc6 Qc7 13. Nxe7+ Qxe7 14. Qd4 Rd8 15. Qxc4 h6 16. Bxf6 Qxf6 17. Rfd1 Bd7 18. Qc7 Rac8 19. Qxa7 Bc6 20. Rxd8+ Rxd8 21. Qc7 Ba8 22. a4 h5 23. a5 Rd2 24. Qb8+ Rd8 25. Qf4 Qe7 26. a6 e5 27. Qc4 g6 28. Rd1 Kg7 29. Rxd8 Qxd8 30. Qc5 Qf6 31. Qc8 Qc6 32. Qxc6 Bxc6 33. a7 f5 34. Nb5 Kf6 35. Nc7 1-0


[Site "https://www.chess.com"]

[Event "Titled Tuesday Blitz June 27 Late 2023"]
[White "Bayo Milagro, Alvaro"]
[Black "Lopez Del Alamo, Antonio"]
[WhiteFideId "22275240"]
[BlackFideId "2227339"]
[WhiteElo "2576"]
[BlackElo "2374"]
[Result "1-0"]
[Round "3"]
[TimeControl "180+2"]
[Date "2023.06.27"]
[WhiteClock "0:00:13"]
[BlackClock "0:00:14"]
[Board "112"]

1. Nf3 Nf6 2. g3 g6 3. b3 Bg7 4. Bb2 O-O 5. Bg2 d6 6. d4 Nbd7 7. O-O c6 8. Nbd2 Qc7 9. e4 Re8 10. Qe2 e5 11. dxe5 dxe5 12. Rfd1 Nc5 13. Ne1 Bg4 14. f3 Bd7 15. Nd3 Nxd3 16. Qxd3 Rad8 17. Qe3 b5 18. a4 a6 19. axb5 axb5 20. Ra7 Qb8 21. Rda1 Be6 22. Nf1 Nd7 23. R7a6 Rc8 24. Qa7 Qxa7+ 25. Rxa7 Bf8 26. R7a6 Nc5 27. R6a2 Red8 28. Bxe5 Bg7 29. Bxg7 Kxg7 30. Re1 Ra8 31. Rxa8 Rxa8 32. Ne3 Ra2 33. f4 f6 34. e5 fxe5 35. fxe5 Bd7 36. Rd1 Be8 37. h4 h6 38. Rd6 h5 39. Bxc6 Bxc6 40. Rxc6 Ne4 41. Kg2 Nd2 42. Rc7+ Kh6 43. e6 Ra8 44. e7 Re8 45. Nd5 Ne4 46. Rd7 b4 47. Nc7 Ra8 48. e8=Q Rxe8 49. Nxe8 g5 50. hxg5+ Kxg5 51. Rd4 1-0


[Site "https://www.chess.com"]

[Event "Titled Tuesday Blitz June 27 Late 2023"]
[White "Ezat, Mohamed"]
[Black "Guzman Moneo, Alberto"]
[WhiteFideId "10600906"]
[BlackFideId "2209616"]
[WhiteElo "2572"]
[BlackElo "2371"]
[Result "0-1"]
[Round "3"]
[TimeControl "180+2"]
[Date "2023.06.27"]
[WhiteClock "0:00:07"]
[BlackClock "0:00:13"]
[Board "113"]

1. d4 Nf6 2. c4 c5 3. d5 b5 4. cxb5 a6 5. Nc3 g6 6. e4 d6 7. Be2 axb5 8. Bxb5+ Nbd7 9. Nf3 Ba6 10. Bxa6 Rxa6 11. O-O Bg7 12. Re1 O-O 13. e5 dxe5 14. Nxe5 Nxe5 15. Rxe5 Ne8 16. Re1 Nd6 17. Qe2 Ra7 18. Be3 Qa5 19. h4 h5 20. a4 Rb7 21. Rac1 Rfb8 22. Bf4 Rxb2 23. Qxe7 Nf5 24. Qg5 Bxc3 25. Bxb8 Bxe1 26. Be5 Bxf2+ 27. Kh1 Bxh4 28. Qf4 Bg3 29. Qe4 Bxe5 30. Qxe5 Qd2 31. Rg1 Qd4 32. Qe8+ Kg7 33. Qd8 Rd2 34. a5 Qxd5 35. Qxd5 Rxd5 36. Ra1 Rd7 37. a6 Ra7 38. Ra5 c4 39. Kg1 c3 40. Kf2 c2 41. Rc5 Rxa6 42. Rxc2 Rd6 43. Rc7 Rd4 44. Kg1 Rg4 45. Kh2 Ne3 46. g3 Nf1+ 47. Kh3 Nxg3 48. Rc1 Nf5 49. Rc2 Rg3+ 50. Kh2 h4 51. Rc4 g5 52. Rc5 Kg6 53. Rc6+ f6 54. Rc8 Nh6 55. Rc4 f5 56. Kh1 g4 57. Kh2 Kg5 58. Rc8 Nf7 59. Rc5 Rf3 60. Ra5 Re3 61. Rb5 Ne5 62. Rb8 Nf3+ 63. Kg2 Re2+ 64. Kf1 Ra2 65. Rg8+ Kf4 66. Rxg4+ Ke3 67. Re4+ Kd3 68. Re3+ Kd4 69. Rxf3 Ke4 70. Rh3 f4 71. Rxh4 Ke3 72. Rh8 Ra1+ 73. Kg2 f3+ 74. Kh2 Ra2+ 75. Kg3 Rg2+ 76. Kh3 Kf2 77. Re8 Rg5 78. Rf8 Ke2 79. Re8+ Kf1 80. Rf8 f2 81. Re8 Kg1 82. Rf8 f1=Q+ 83. Kh4 Qxf8 84. Kxg5 Qf2 85. Kg6 Qf3 86. Kh7 Qg4 87. Kh6 Kf2 88. Kh7 Kf3 89. Kh6 Kf4 90. Kh7 Kf5 91. Kh6 Qg6# 0-1


[Site "https://www.chess.com"]

[Event "Titled Tuesday Blitz June 27 Late 2023"]
[White "Wendt, Jan-Dietrich"]
[Black "Nefedov, Sergey"]
[WhiteFideId "4623797"]
[BlackFideId "24113417"]
[WhiteElo "2370"]
[BlackElo "2568"]
[Result "0-1"]
[Round "3"]
[TimeControl "180+2"]
[Date "2023.06.27"]
[WhiteClock "0:00:06"]
[BlackClock "0:00:11"]
[Board "114"]

1. Nf3 d5 2. c4 e6 3. g3 g6 4. Bg2 Bg7 5. O-O Ne7 6. Nc3 O-O 7. d4 Nbc6 8. cxd5 exd5 9. b3 Bg4 10. e3 Qd7 11. Ba3 Rfe8 12. Qd3 Bh3 13. Rac1 Bxg2 14. Kxg2 Nf5 15. Qb5 Qc8 16. Nxd5 a6 17. Qd3 Qd7 18. Nf4 Rad8 19. Rfd1 h5 20. h4 Bh6 21. d5 Bxf4 22. exf4 Ncd4 23. Nxd4 Qxd5+ 24. Qf3 Nxd4 25. Qxd5 Rxd5 26. Bc5 Ne2 27. Rxd5 Nxc1 28. Rd2 Re2 29. Rxe2 Nxe2 30. Bb4 f5 31. Bd2 Kf7 32. Kf3 Nd4+ 33. Ke3 Nc6 34. Kd3 Ke6 35. Kc4 Kd6 36. Be3 b5+ 37. Kd3 Nb4+ 38. Kc3 Nxa2+ 39. Kb2 Nb4 40. Kc3 Nd5+ 41. Kd4 c5+ 42. Kd3 Nxe3 43. fxe3 Kd5 0-1


[Site "https://www.chess.com"]

[Event "Titled Tuesday Blitz June 27 Late 2023"]
[White "Peatman, Carter"]
[Black "WindWhistler11"]
[WhiteFideId "2096480"]
[WhiteElo "2368"]
[BlackElo "2566"]
[Result "0-1"]
[Round "3"]
[TimeControl "180+2"]
[Date "2023.06.27"]
[WhiteClock "0:00:34"]
[BlackClock "0:00:23"]
[Board "115"]

1. d4 f5 2. Bg5 d5 3. e3 Nc6 4. c4 Be6 5. cxd5 Bxd5 6. Nc3 Bf7 7. Nf3 h6 8. Bh4 g5 9. Bg3 Bg7 10. Bb5 a6 11. Bxc6+ bxc6 12. Qa4 Qd7 13. Ne5 Bxe5 14. Bxe5 Nf6 15. O-O O-O 16. Rac1 Rfb8 17. b4 Ng4 18. Rfd1 Bc4 19. h3 Nxe5 20. dxe5 Qe6 21. f4 gxf4 22. exf4 Kh8 23. Qa5 Rg8 24. Rd2 Rg3 25. Qxc7 Rag8 26. Kh2 Qg6 27. e6 Rxg2+ 28. Kh1 Rg1+ 29. Kh2 Qg3# 0-1


[Site "https://www.chess.com"]

[Event "Titled Tuesday Blitz June 27 Late 2023"]
[White "Davidson, Kevin"]
[Black "Ganiev, Roman"]
[WhiteFideId "2056810"]
[BlackFideId "4131452"]
[WhiteElo "2365"]
[BlackElo "2565"]
[Result "0-1"]
[Round "3"]
[TimeControl "180+2"]
[Date "2023.06.27"]
[WhiteClock "0:00:01"]
[BlackClock "0:00:36"]
[Board "116"]

1. e4 c5 2. Nf3 d6 3. d4 cxd4 4. Nxd4 Nf6 5. Nc3 a6 6. h3 e5 7. Nde2 h5 8. Bg5 Be6 9. Bxf6 Qxf6 10. Nd5 Qd8 11. Nec3 g6 12. Bc4 Bh6 13. O-O O-O 14. a4 Nc6 15. Qd3 Rc8 16. b4 Nd4 17. Ra2 Kh7 18. a5 f5 19. Rd1 fxe4 20. Nxe4 Qh4 21. c3 Nf5 22. Nb6 Rxc4 23. Nxc4 d5 24. Nc5 dxc4 25. Qe2 Bf7 26. Rd7 Kg8 27. Rxb7 Rd8 28. Rc2 Qf4 29. Rd7 Rxd7 30. Nxd7 e4 31. Nc5 e3 32. fxe3 Nxe3 33. Ra2 Nd5 34. Qf2 Qc1+ 35. Kh2 Bf4+ 36. g3 Be3 37. Qe2 Qg1# 0-1


[Site "https://www.chess.com"]

[Event "Titled Tuesday Blitz June 27 Late 2023"]
[White "micke12a"]
[Black "Fantinel, Thibault"]
[BlackFideId "663395"]
[WhiteElo "2356"]
[BlackElo "2563"]
[Result "0-1"]
[Round "3"]
[TimeControl "180+2"]
[Date "2023.06.27"]
[WhiteClock "0:00:36"]
[BlackClock "0:00:11"]
[Board "117"]

1. d4 Nf6 2. Nf3 b6 3. g3 Bb7 4. Bg2 g6 5. O-O Bg7 6. c4 O-O 7. Nc3 Ne4 8. Nxe4 Bxe4 9. Be3 c5 10. Qd2 d6 11. Rfd1 Nd7 12. Rac1 Rc8 13. b3 Qc7 14. Bh6 Nf6 15. Bxg7 Kxg7 16. d5 b5 17. Ng5 Bxg2 18. Kxg2 bxc4 19. Rxc4 Qb7 20. e4 Nd7 21. Qc3+ Kg8 22. Qe3 Nb6 23. Rc2 a5 24. h4 h6 25. Nh3 Kg7 26. f4 Qd7 27. f5 gxf5 28. Nf4 Kh7 29. Rf2 Rg8 30. exf5 Rce8 31. f6 Qg4 32. fxe7 Qxd1 33. Qe4+ Kh8 34. Qf5 Qg4 35. Qf6+ Qg7 36. Qxd6 Qxg3+ 37. Kf1 Qg1+ 38. Ke2 Qg4+ 39. Kf1 Kh7 40. Qf6 Qd1# 0-1


[Site "https://www.chess.com"]

[Event "Titled Tuesday Blitz June 27 Late 2023"]
[White "Ozates, Tuna"]
[Black "The_Straightforward_Rook"]
[WhiteFideId "6354521"]
[WhiteElo "2562"]
[BlackElo "2349"]
[Result "1-0"]
[Round "3"]
[TimeControl "180+2"]
[Date "2023.06.27"]
[WhiteClock "0:00:16"]
[BlackClock "0:00:00"]
[Board "118"]

1. e4 e5 2. Nf3 Nc6 3. Bb5 Nf6 4. Qe2 Bd6 5. c3 O-O 6. O-O Re8 7. Bc4 h6 8. a4 Bf8 9. d3 d6 10. Nbd2 Ne7 11. Nh4 c6 12. f4 d5 13. Bb3 exf4 14. e5 Ng6 15. Nxg6 fxg6 16. Rxf4 g5 17. Rf1 Bg4 18. Qe1 Nh5 19. d4 Nf4 20. Bc2 Bh5 21. g3 Bg6 22. Bxg6 Nxg6 23. Qf2 Qd7 24. Nf3 Be7 25. Qc2 Nf8 26. Be3 Qe6 27. Kg2 Qg6 28. Qe2 Ne6 29. Kh1 Rf8 30. Nd2 g4 31. Rac1 a6 32. a5 Ng5 33. b4 Rf7 34. Bxg5 Bxg5 35. Rxf7 Qxf7 36. Rf1 Qg6 37. Nb3 Rf8 38. Rxf8+ Kxf8 39. Nc5 Qf7 40. Kg2 h5 41. e6 Qe7 42. Qe5 Kg8 43. Nd7 Kh7 44. Qf5+ Kh6 45. Ne5 Qf6 46. Nf7+ 1-0


[Site "https://www.chess.com"]

[Event "Titled Tuesday Blitz June 27 Late 2023"]
[White "Ambartsumova, Karina"]
[Black "Shapiro, Daniel"]
[WhiteFideId "4166299"]
[BlackFideId "2001780"]
[WhiteElo "2558"]
[BlackElo "2331"]
[Result "1-0"]
[Round "3"]
[TimeControl "180+2"]
[Date "2023.06.27"]
[WhiteClock "0:00:06"]
[BlackClock "0:00:00"]
[Board "119"]

1. Nf3 Nf6 2. c4 e6 3. g3 d5 4. Bg2 Be7 5. O-O O-O 6. b3 c6 7. Bb2 a5 8. Nc3 b6 9. e3 Nbd7 10. Qe2 Ba6 11. d3 b5 12. cxb5 cxb5 13. Nd4 Qb6 14. Rac1 g6 15. h4 e5 16. Nc2 e4 17. Rfd1 b4 18. Na4 Qa7 19. Ne1 h5 20. Qd2 Rfd8 21. Bd4 Qb7 22. Qb2 Rac8 23. dxe4 dxe4 24. Rxc8 Rxc8 25. Nd3 Bxd3 26. Rxd3 Qc7 27. Rd2 Qc1+ 28. Bf1 Qxb2 29. Nxb2 Nd5 30. Bc4 N7f6 31. Na4 Rd8 32. Kg2 Kf8 33. Nc5 Ke8 34. Bb5+ Kf8 35. Nb7 Rb8 36. Bc6 Nc3 37. Nxa5 Rc8 38. Rc2 Bd8 39. Bb7 Rb8 40. Ba7 Rxb7 41. Nxb7 Be7 42. Bc5 Nfd5 43. Bxe7+ Kxe7 44. Nc5 Kd6 45. Na4 Kc6 46. Nxc3 bxc3 47. Kf1 Kc5 48. a3 Kb5 49. Ke2 Kc5 50. f3 f5 51. fxe4 fxe4 52. Rc1 Kb5 53. Re1 Kc5 54. Kd1 Kb5 55. Kc2 Kc5 56. Re2 Kb5 57. Kc1 Kc5 58. Kc2 Kb5 59. Re1 Kc5 60. Kd1 Kb5 61. Ke2 Kc5 62. Rf1 Kd6 63. Rf8 1-0


[Site "https://www.chess.com"]

[Event "Titled Tuesday Blitz June 27 Late 2023"]
[White "Delorme, Axel"]
[Black "Skaric, Djuro"]
[WhiteFideId "632023"]
[BlackFideId "934569"]
[WhiteElo "2551"]
[BlackElo "2327"]
[Result "0-1"]
[Round "3"]
[TimeControl "180+2"]
[Date "2023.06.27"]
[WhiteClock "0:00:00"]
[BlackClock "0:01:04"]
[Board "120"]

1. e4 d6 2. d4 g6 3. Nc3 Bg7 4. Be3 Nf6 5. Qd2 Nc6 6. Nf3 a6 7. d5 Ne5 8. Nxe5 dxe5 9. Be2 h6 10. h3 Qd6 11. O-O-O b5 12. Kb1 Bd7 13. f3 b4 14. g4 bxc3 15. Qxc3 c6 16. Bc5 Qc7 17. d6 Qb7 18. dxe7 Ng8 19. Bc4 Be6 20. Bxe6 fxe6 21. Rd8+ Rxd8 22. exd8=Q+ Kxd8 23. Rd1+ Ke8 24. Qc4 Qc8 25. Bb6 Bf6 26. Rd6 Kf7 27. Rxc6 Qe8 28. Rc8 Qb5 29. Qxb5 axb5 30. c4 bxc4 31. a4 Ne7 32. Rxh8 Bxh8 33. a5 Nc8 34. Bc5 Ke8 35. a6 Kd7 36. a7 Nxa7 37. Bxa7 Kc6 38. Kc2 Kb5 39. Be3 h5 40. Kc3 Bf6 41. b3 cxb3 42. Kxb3 Be7 43. Bd2 Bc5 44. Bc3 Bd6 45. Bb2 Bc7 46. Kc3 Ba5+ 47. Kd3 Bc7 48. Ba3 Ka4 49. Be7 Kb3 0-1


[Site "https://www.chess.com"]

[Event "Titled Tuesday Blitz June 27 Late 2023"]
[White "Garmendiarov"]
[Black "Domingo Nunez, Ruben"]
[BlackFideId "22245570"]
[WhiteElo "2318"]
[BlackElo "2551"]
[Result "0-1"]
[Round "3"]
[TimeControl "180+2"]
[Date "2023.06.27"]
[WhiteClock "0:00:08"]
[BlackClock "0:02:22"]
[Board "121"]

1. d4 a6 2. e4 h6 3. Nc3 g6 4. Nf3 Bg7 5. Bc4 d6 6. a4 b6 7. Be3 Bb7 8. Qd2 e6 9. Bb3 Nf6 10. d5 e5 11. h3 Nbd7 12. a5 b5 13. Qd3 Nh5 14. g3 O-O 15. O-O Nc5 16. Qd2 Kh8 17. Bxh6 f5 18. Bxg7+ Kxg7 19. Ng5 f4 20. Ne6+ Nxe6 21. dxe6 Qg5 22. Nd5 Rac8 23. Kh1 Rh8 24. g4 Ng3+ 25. fxg3 Rxh3+ 26. Kg2 Qxg4 27. Rf3 Rch8 28. Rg1 Rh2+ 29. Kf1 Qxf3+ 30. Ke1 Rxd2 31. Kxd2 Qf2+ 32. Kc3 Qd4# 0-1


[Site "https://www.chess.com"]

[Event "Titled Tuesday Blitz June 27 Late 2023"]
[White "Zampronha, Wladimir Camilo"]
[Black "Bjelobrk, Igor"]
[WhiteFideId "2103087"]
[BlackFideId "4300726"]
[WhiteElo "2293"]
[BlackElo "2550"]
[Result "0-1"]
[Round "3"]
[TimeControl "180+2"]
[Date "2023.06.27"]
[WhiteClock "0:00:51"]
[BlackClock "0:00:40"]
[Board "122"]

1. e4 e6 2. d4 d5 3. Nc3 Bb4 4. e5 b6 5. Nf3 Ne7 6. Bd2 Bxc3 7. Bxc3 a5 8. a4 Ba6 9. Bb5+ c6 10. Bxa6 Nxa6 11. O-O O-O 12. Ne1 c5 13. f4 Nf5 14. Qd2 cxd4 15. Bxd4 Nc5 16. Nf3 Ne4 17. Qd3 Rc8 18. c3 Rc4 19. Nd2 Nxd2 20. Qxd2 Nxd4 21. cxd4 Qc7 22. f5 exf5 23. Rxf5 Qd7 24. Rg5 Rc6 25. Rf1 Rg6 26. Rxg6 hxg6 27. Rc1 Qxa4 28. h3 Qd7 29. Qc3 Ra8 30. Qc6 Qxc6 31. Rxc6 b5 32. Rc5 b4 33. Rxd5 a4 34. Rb5 a3 35. bxa3 bxa3 36. Rb1 a2 37. Ra1 Kf8 38. Kf2 Ra3 39. Ke2 Ke7 40. Kd2 Ke6 41. Kc2 Kd5 42. Kb2 Ra7 43. Kc3 g5 44. g3 g6 45. g4 Ra6 46. Kd3 Ra3+ 47. Kc2 Kxd4 0-1


[Site "https://www.chess.com"]

[Event "Titled Tuesday Blitz June 27 Late 2023"]
[White "Ilkhomi, Jaloliddin"]
[Black "Ozen, Batuhan"]
[WhiteFideId "14700948"]
[BlackFideId "6345123"]
[WhiteElo "2550"]
[BlackElo "2311"]
[Result "1-0"]
[Round "3"]
[TimeControl "180+2"]
[Date "2023.06.27"]
[WhiteClock "0:02:14"]
[BlackClock "0:01:08"]
[Board "123"]

1. Nf3 c5 2. c4 Nf6 3. g3 d5 4. cxd5 Nxd5 5. Bg2 Nc6 6. O-O e5 7. Nc3 Nc7 8. d3 Bd6 9. Ne4 Ne6 10. Nxd6+ Qxd6 11. Be3 O-O 12. Ng5 Nxg5 13. Bxg5 Be6 14. Qc2 Rac8 15. Be3 Nd4 16. Qd2 b6 17. Rfc1 f5 18. Bxd4 exd4 19. Qf4 Rcd8 20. Qxd6 Rxd6 21. a3 Bb3 22. Re1 f4 23. Be4 h6 24. Kg2 g5 25. f3 Kg7 26. Rh1 Re8 27. h4 fxg3 28. hxg5 hxg5 29. Rh7+ Kf6 30. Rah1 Rxe4 31. fxe4 Ke5 32. Kxg3 Rf6 33. R1h6 Rxh6 34. Rxh6 c4 35. Kf2 c3 36. bxc3 dxc3 37. Ke3 c2 38. d4# 1-0


[Site "https://www.chess.com"]

[Event "Titled Tuesday Blitz June 27 Late 2023"]
[White "Bayramov, Zaur"]
[Black "Taranenko, Evgueniy"]
[WhiteFideId "13405080"]
[BlackFideId "14122138"]
[WhiteElo "2548"]
[BlackElo "2291"]
[Result "0-1"]
[Round "3"]
[TimeControl "180+2"]
[Date "2023.06.27"]
[WhiteClock "0:00:40"]
[BlackClock "0:00:20"]
[Board "124"]

1. e4 e6 2. d4 d5 3. Nd2 Nf6 4. e5 Nfd7 5. Bd3 c5 6. c3 Nc6 7. Ne2 Be7 8. O-O b6 9. f4 f5 10. exf6 Nxf6 11. Nf3 O-O 12. Ne5 Nxe5 13. fxe5 Ne4 14. Rxf8+ Qxf8 15. Be3 Bb7 16. Bxe4 dxe4 17. Qb3 Bd5 18. c4 Bb7 19. d5 Qf5 20. d6 Bg5 21. Bxg5 Qxg5 22. Qg3 Qd2 23. Re1 Rf8 24. h4 e3 25. d7 Rf2 26. d8=Q+ Qxd8 27. Nf4 Qd2 28. Rxe3 Rxf4 29. Rd3 Qxg2+ 30. Qxg2 Bxg2 31. Kxg2 Rxc4 32. Rd8+ Kf7 33. Rd7+ Kg6 34. Rxa7 Rc2+ 35. Kg3 Rxb2 36. a3 h6 37. Re7 Kf5 38. Rxg7 Rb3+ 39. Kg2 Rxa3 40. Rh7 Kxe5 41. Rxh6 b5 42. Rh5+ Kd4 43. Rh6 b4 44. Rxe6 b3 45. Rb6 Kc3 46. h5 c4 47. h6 Ra5 48. Kg3 Rh5 49. Kg4 Rh1 50. Rb5 b2 51. Rh5 Rxh5 0-1


[Site "https://www.chess.com"]

[Event "Titled Tuesday Blitz June 27 Late 2023"]
[White "Vaglio Mattey, Emanuel"]
[Black "Coelho, Ramyres Santana"]
[WhiteFideId "6504167"]
[BlackFideId "2120690"]
[WhiteElo "2545"]
[BlackElo "2291"]
[Result "0-1"]
[Round "3"]
[TimeControl "180+2"]
[Date "2023.06.27"]
[WhiteClock "0:00:19"]
[BlackClock "0:00:33"]
[Board "125"]

1. Nf3 c5 2. b3 d6 3. Bb2 Nc6 4. e3 e6 5. d4 cxd4 6. exd4 Nf6 7. Bd3 Be7 8. O-O O-O 9. a3 h6 10. Nbd2 Nd5 11. c4 Nf4 12. Bc2 f5 13. Re1 g5 14. g3 Nh3+ 15. Kg2 g4 16. Ng1 Ng5 17. b4 Qe8 18. d5 Ne5 19. Bxe5 dxe5 20. Nb3 e4 21. Ne2 Nf3 22. dxe6 Bxe6 23. Nf4 Bxc4 24. Na5 Ba6 25. Bb3+ Kh7 26. Qd5 Rd8 27. Qe6 Rf6 28. Qg8+ Qxg8 29. Bxg8+ Kxg8 30. Red1 Rfd6 31. Rxd6 Rxd6 32. Rc1 b6 33. Nb3 Bg5 34. h3 Bxf4 35. gxf4 Rd3 36. Na1 Rd2 37. Rc2 Rd1 38. Nb3 Rg1# 0-1


[Site "https://www.chess.com"]

[Event "Titled Tuesday Blitz June 27 Late 2023"]
[White "Rakitic2010"]
[Black "Ljukin, Sergei"]
[BlackFideId "14102200"]
[WhiteElo "2275"]
[BlackElo "2543"]
[Result "0-1"]
[Round "3"]
[TimeControl "180+2"]
[Date "2023.06.27"]
[WhiteClock "0:00:55"]
[BlackClock "0:00:29"]
[Board "126"]

1. e4 e6 2. d4 d5 3. Nc3 Bb4 4. e5 Ne7 5. a3 Bxc3+ 6. bxc3 c5 7. Qg4 Qc7 8. Bd3 Qa5 9. Ne2 c4 10. Qxg7 Rg8 11. Qxh7 cxd3 12. cxd3 Nbc6 13. h4 Bd7 14. Bd2 Qc7 15. c4 O-O-O 16. Nc3 Nxd4 17. Rc1 Qxe5+ 18. Be3 Nb3 19. d4 Qf5 20. Qxf5 Nxf5 21. Rb1 dxc4 22. Bg5 Rdf8 23. d5 f6 24. Bf4 e5 25. Bh2 Nd6 26. O-O Nd4 27. f3 Rh8 28. Bg3 Rfg8 29. Bf2 Nxf3+ 30. Kh1 Nxh4 31. Bg3 Nf3+ 32. Bh4 Rxh4# 0-1


[Site "https://www.chess.com"]

[Event "Titled Tuesday Blitz June 27 Late 2023"]
[White "Nasir, Zehn"]
[Black "Cluke86"]
[WhiteFideId "2613239"]
[WhiteElo "2543"]
[BlackElo "2262"]
[Result "1-0"]
[Round "3"]
[TimeControl "180+2"]
[Date "2023.06.27"]
[WhiteClock "0:01:46"]
[BlackClock "0:02:06"]
[Board "127"]

1. d4 d6 2. Bf4 Nd7 3. Nf3 g6 4. Nc3 Bg7 5. Qd2 e5 6. dxe5 dxe5 7. Bg5 f6 8. Be3 f5 9. Bg5 Ngf6 10. e4 h6 11. Bxf6 Qxf6 12. Bc4 c6 13. O-O-O a5 14. exf5 gxf5 15. Rhe1 b5 16. Nxe5 Nxe5 17. Rxe5+ Kf8 18. Qd8+ Qxd8 19. Rxd8# 1-0


[Site "https://www.chess.com"]

[Event "Titled Tuesday Blitz June 27 Late 2023"]
[White "StarkyNZ"]
[Black "Golubev, Mikhail"]
[BlackFideId "14100983"]
[WhiteElo "2261"]
[BlackElo "2540"]
[Result "0-1"]
[Round "3"]
[TimeControl "180+2"]
[Date "2023.06.27"]
[WhiteClock "0:00:41"]
[BlackClock "0:00:17"]
[Board "128"]

1. c4 g6 2. g3 Bg7 3. Bg2 e5 4. Nc3 Nc6 5. e3 d6 6. Nge2 Nf6 7. Rb1 O-O 8. b4 Be6 9. d3 a6 10. a4 Qd7 11. b5 axb5 12. axb5 Nd8 13. O-O Bh3 14. Bd2 Bxg2 15. Kxg2 d5 16. Na4 Ne6 17. Bb4 Rfd8 18. Nec3 Ng5 19. f3 e4 20. dxe4 Qh3+ 21. Kg1 dxe4 22. Qe2 exf3 23. Rxf3 Rd2 24. Rf2 Rxe2 25. Nxe2 Nfe4 26. Nf4 Qg4 27. Ra2 Qf3 28. Re1 Be5 29. Rg2 Bxf4 30. exf4 Nh3+ 31. Kh1 Nef2# 0-1


[Site "https://www.chess.com"]

[Event "Titled Tuesday Blitz June 27 Late 2023"]
[White "Quirke, Jeffrey"]
[Black "StiffMaster1"]
[WhiteFideId "2013029"]
[WhiteElo "2243"]
[BlackElo "2540"]
[Result "1/2-1/2"]
[Round "3"]
[TimeControl "180+2"]
[Date "2023.06.27"]
[WhiteClock "0:00:17"]
[BlackClock "0:00:08"]
[Board "129"]

1. e4 e5 2. Nf3 Nc6 3. Bb5 a6 4. Ba4 Nf6 5. Qe2 b5 6. Bb3 Bc5 7. d3 d6 8. h3 h6 9. c3 O-O 10. g4 Na5 11. Bc2 Nh7 12. Nbd2 Bb6 13. Nf1 d5 14. Ng3 dxe4 15. dxe4 f6 16. Nf5 Ng5 17. h4 Ne6 18. Be3 Bxe3 19. fxe3 g6 20. Rd1 Qe8 21. Nxh6+ Kg7 22. g5 fxg5 23. hxg5 Rh8 24. Kd2 Nc4+ 25. Kc1 Qe7 26. Nf5+ gxf5 27. exf5 Nxg5 28. Rxh8 Kxh8 29. Rh1+ Kg8 30. Rg1 e4 31. Nxg5 Bxf5 32. Ne6+ Kf7 33. Rg7+ Kxe6 34. Rxe7+ Kxe7 35. b3 Nd6 36. Qh5 Rg8 37. Qh4+ Ke6 38. b4 Rg1+ 39. Kb2 Rg2 40. Kb1 Rg1+ 41. Kb2 Rg2 42. Kb1 Rg1+ 43. Kb2 1/2-1/2


[Site "https://www.chess.com"]

[Event "Titled Tuesday Blitz June 27 Late 2023"]
[White "Perez, Maximiliano"]
[Black "ilya2700"]
[WhiteFideId "117234"]
[WhiteElo "2540"]
[BlackElo "2182"]
[Result "1-0"]
[Round "3"]
[TimeControl "180+2"]
[Date "2023.06.27"]
[WhiteClock "0:00:36"]
[BlackClock "0:00:14"]
[Board "130"]

1. e4 c5 2. c3 e6 3. Nf3 d5 4. exd5 exd5 5. d4 Nf6 6. Bb5+ Nc6 7. O-O Bd6 8. dxc5 Bxc5 9. Nbd2 Be6 10. Nb3 Bb6 11. Nbd4 Rc8 12. Re1 O-O 13. Bg5 Bg4 14. Nxc6 bxc6 15. Bd3 Qd6 16. h3 Bh5 17. Bh4 Rfe8 18. Rxe8+ Rxe8 19. a4 Ne4 20. Bxe4 Rxe4 21. a5 Bc7 22. Bg3 Qd7 23. Bxc7 Qxc7 24. Qd3 Qf4 25. Nd4 c5 26. Nb5 Be2 27. Qxd5 Bxb5 28. Qxc5 Re5 29. Qxa7 h6 30. a6 Qd2 31. Qb8+ Kh7 32. Qxe5 Qxb2 33. Rd1 Bxa6 34. Qf5+ g6 35. Qxf7+ Kh8 36. Rd8# 1-0


[Site "https://www.chess.com"]

[Event "Titled Tuesday Blitz June 27 Late 2023"]
[White "JackRodgers"]
[Black "Oliveira, Tiago Batista"]
[BlackFideId "2108291"]
[WhiteElo "2539"]
[BlackElo "2168"]
[Result "1-0"]
[Round "3"]
[TimeControl "180+2"]
[Date "2023.06.27"]
[WhiteClock "0:01:03"]
[BlackClock "0:00:00"]
[Board "131"]

1. d4 Nf6 2. Bg5 d5 3. Bxf6 gxf6 4. e3 Bg7 5. c4 e6 6. Nc3 c6 7. Nf3 O-O 8. Qc2 f5 9. Bd3 Nd7 10. h3 Nf6 11. g4 Ne4 12. gxf5 exf5 13. cxd5 cxd5 14. Qb3 Be6 15. Ke2 Re8 16. Rhg1 Kh8 17. Rac1 f4 18. Qc2 Bf5 19. Qb3 fxe3 20. fxe3 Nxc3+ 21. Rxc3 Bxd3+ 22. Rxd3 Qd7 23. Ng5 Re7 24. Rg3 Rae8 25. Nf3 Qf5 26. Rg5 Qf4 27. Rxd5 Bh6 28. Re5 Rxe5 29. dxe5 Qe4 30. Qc3 Rg8 31. e6+ 1-0


[Site "https://www.chess.com"]

[Event "Titled Tuesday Blitz June 27 Late 2023"]
[White "Kornyukov, Alexey"]
[Black "Jimenez Almeida, Luis David"]
[WhiteFideId "4150457"]
[BlackFideId "22242244"]
[WhiteElo "2230"]
[BlackElo "2536"]
[Result "0-1"]
[Round "3"]
[TimeControl "180+2"]
[Date "2023.06.27"]
[WhiteClock "0:00:00"]
[BlackClock "0:02:21"]
[Board "132"]

1. d4 g6 2. c4 Bg7 3. e4 c5 4. d5 b5 5. cxb5 a6 6. Nc3 d6 7. b6 Nd7 8. Nf3 Ngf6 9. Nd2 Qxb6 10. a4 O-O 11. Be2 Qb4 12. a5 Ne8 13. Ra4 Qb7 14. h4 Nc7 15. h5 Nb5 16. hxg6 hxg6 17. Qc2 Ne5 0-1


[Site "https://www.chess.com"]

[Event "Titled Tuesday Blitz June 27 Late 2023"]
[White "Leenhouts, Koen"]
[Black "Ricaurte Lopez, Juan Carlos"]
[WhiteFideId "1008439"]
[BlackFideId "3600327"]
[WhiteElo "2536"]
[BlackElo "2121"]
[Result "1-0"]
[Round "3"]
[TimeControl "180+2"]
[Date "2023.06.27"]
[WhiteClock "0:01:19"]
[BlackClock "0:00:00"]
[Board "133"]

1. d4 Nf6 2. c4 e6 3. Nc3 b6 4. e4 Bb7 5. e5 Ne4 6. Bd3 Nxc3 7. bxc3 d6 8. Nf3 dxe5 9. Nxe5 Bxg2 10. Rg1 Bb7 11. Bg5 Be7 12. Bxe7 Qxe7 13. Rxg7 Rf8 14. Qa4+ Nd7 15. O-O-O O-O-O 16. Nc6 Qf6 17. Nxa7+ Kb8 18. Nc6+ Bxc6 19. Qxc6 e5 20. Be4 Qxc6 21. Bxc6 exd4 22. cxd4 Nf6 23. Rg3 Rd6 24. d5 Ne4 25. Ra3 Rxc6 26. dxc6 Nxf2 27. Rd4 1-0


[Site "https://www.chess.com"]